 Dungeon Crawl Stone Soup version 0.27-a0-1456-gf5a116941d (webtiles) character file.

Game seed: 8411581588955373211

617798 robertstho the Minotaur Barricade (level 26, -4/266 HPs)
             Began as a Minotaur Berserker on July 6, 2021.
             Was the Champion of Trog.
             Killed from afar by a yellow draconian (7 damage)
             ... with a glob of acid
             ... on level 1 of the Realm of Zot.
             The game lasted 01:55:12 (66357 turns).

robertstho the Minotaur Barricade (MiBe)           Turns: 66357, Time: 01:55:13

Health: -4/266     AC: 42    Str: 37    XL:     26   Next: 94%
Magic:  0/17       EV: 11    Int:  8    God:    Trog [******]
Gold:   7601       SH: 29    Dex: 16    Spells: 25/25 levels left

rFire    + + +     SeeInvis .   r - +6 war axe of Wemoc {flame, rC+ rN+}
rCold    + + +     Faith    .   W - +0 tower shield {reflect}
rNeg     + + .     Spirit   +   B - +13 crystal plate armour of Transparent Freedom {rC+ Will+ Int+5}
rPois    .         Reflect  +   X - +5 hat "Loowkio" {rF+ Str+7 Slay+2}
rElec    .         Harm     .   y - +2 cloak {rC+}
rCorr    .         Rampage  .   A - +0 pair of fencer's gloves {Riposte Dex+3}
Will     +++..                  n - +2 pair of boots {Stlth+}
Stlth    ..........             Z - amulet of guardian spirit
HPRegen  0.54/turn              G - ring "Vaaxe" {rF+ rN+ Will+}
MPRegen  0.15/turn              o - ring of protection from fire

@: corroded, on berserk cooldown, slowed, studying Dodging, very slow
A: horns 2, retaliatory headbutt, cold resistance 1, dopey 1, low mp 2
}: 3/15 runes: barnacled, silver, gossamer
a: Renounce Religion, Berserk, Trog's Hand, Brothers in Arms


You were on level 1 of the Realm of Zot.
You worshipped Trog.
Trog was exalted by your worship.
You visited 9 branches of the dungeon, and saw 45 of its levels.
You visited the Abyss 2 times.
You also visited: Sewer, Bailey, Ice Cave and Desolation.

You collected 8469 gold pieces.
You spent 868 gold pieces at shops.

Inventory:

Hand Weapons
 r - the +6 war axe of Wemoc (weapon) {flame, rC+ rN+}
   (You found it on level 4 of the Dungeon)

   It has been specially enchanted to burn those struck by it, causing extra
   injury to most foes and up to half again as much damage against particularly
   susceptible opponents.
   Big, fiery blades are also staple armaments of hydra-hunters.
   rC:        It protects you from cold.
   rN:        It protects you from negative energy.
Missiles
 C - 3 curare-tipped darts (quivered)
Armour
 m - the +8 faerie dragon scales {rF++ rCorr}
   (You took it off the Enchantress on level 2 of the Depths)

   rF:        It greatly protects you from fire.
   rCorr:     It protects you from acid and corrosion.
 n - a +2 pair of boots of stealth (worn)
 y - a +2 cloak of cold resistance (worn)
 A - the +0 pair of fencer's gloves (worn) {Riposte Dex+3}
   (You found it in the Desolation of Salt)

   Dex:       It affects your dexterity (+3).
 B - the +13 crystal plate armour of Transparent Freedom (worn) {rC+ Will+ Int+5}
   (You acquired it on level 11 of the Dungeon)

   Int:       It affects your intelligence (+5).
   rC:        It protects you from cold.
   Will:      It increases your willpower.
 W - a +0 tower shield of reflection (worn)
 X - the +5 hat "Loowkio" (worn) {rF+ Str+7 Slay+2}
   (You found it on level 4 of the Vaults)

   Str:       It affects your strength (+7).
   Slay:      It affects your accuracy & damage with ranged weapons and melee
   (+2).
   rF:        It protects you from fire.
Jewellery
 d - a ring of protection from cold
 h - a ring of see invisible
 o - a ring of protection from fire (right hand)
 t - the ring of Shadows {Umbra +Inv Stlth+}
   (You took it off a vault warden on level 4 of the Vaults)

   [ring of stealth]

   It surrounds you with an aura of darkness.
   +Inv:      It lets you turn invisible.
   Stlth:     It makes you more stealthy.
 z - the amulet of Gozag's Supremacy {Spirit rPois Str-4 Stlth+}
   (You took it off a yaktaur captain on level 5 of the Vaults)

   [amulet of guardian spirit]

   It causes incoming damage to be divided between your reserves of health and
   magic.
   Str:       It affects your strength (-4).
   rPois:     It protects you from poison.
   Stlth:     It makes you more stealthy.
 D - the ring "Palosori" {Fly rPois rC+ Int-3 Stlth+}
   (You found it in the Desolation of Salt)

   [ring of protection from cold]

   Int:       It affects your intelligence (-3).
   rC:        It protects you from cold.
   rPois:     It protects you from poison.
   Fly:       It grants you flight.
   Stlth:     It makes you more stealthy.
 G - the ring "Vaaxe" (left hand) {rF+ rN+ Will+}
   (You found it in the Desolation of Salt)

   [ring of positive energy]

   rF:        It protects you from fire.
   rN:        It protects you from negative energy.
   Will:      It increases your willpower.
 I - a +4 ring of slaying
 M - the ring "Koxzuwkod" {Fly rN+ Str+2}
   (You took it off an ironbound convoker in the Desolation of Salt)

   [ring of flight]

   Str:       It affects your strength (+2).
   rN:        It protects you from negative energy.
   Fly:       It grants you flight.
 N - a +6 ring of strength
 R - the ring "Eruek" {rPois rF++ Int-5}
   (You found it on level 5 of the Vaults)

   [ring of poison resistance]

   Int:       It affects your intelligence (-5).
   rF:        It greatly protects you from fire.
   rPois:     It protects you from poison.
 S - the ring of Tender Moments {Wiz rC+}
   (You found it in the Desolation of Salt)

   [ring of wizardry]

   It improves your spell success rate.
   rC:        It protects you from cold.
 T - a +4 ring of protection
 V - the ring "Ununapp" {rCorr AC+4}
   (You found it in the Desolation of Salt)

   [ring of protection]

   AC:        It affects your AC (+4).
   rCorr:     It protects you from acid and corrosion.
 Z - an amulet of guardian spirit (around neck)
Wands
 s - a wand of acid (33)
 u - a wand of iceblast (79)
 H - a wand of digging (16)
 O - a wand of mindburst (98)
Scrolls
 b - 35 scrolls of teleportation
 e - 20 scrolls of identify
 i - 7 scrolls of fog
 k - 9 scrolls of magic mapping
 v - 8 scrolls of blinking
 w - 8 scrolls of fear
 F - 4 scrolls of enchant armour
 J - 12 scrolls of immolation
 K - 5 scrolls of holy word
 L - 4 scrolls of summoning
 U - 4 scrolls of silence
 Y - 11 scrolls of enchant weapon
Potions
 a - 24 potions of curing
 f - 18 potions of heal wounds
 g - 16 potions of ambrosia
 l - 2 potions of invisibility
 p - 9 potions of flight
 q - 14 potions of might
 x - 14 potions of mutation
 E - 6 potions of haste
 Q - a potion of resistance
Miscellaneous
 c - a lightning rod (4/4)
 j - a condenser vane
 P - a phantom mirror


   Skills:
 O Level 27 Fighting
 O Level 27 Axes
 + Level 25.3 Armour
 + Level 5.6 Dodging
 + Level 4.3 Stealth
 O Level 27 Shields
 + Level 1.8 Evocations


You had 25 spell levels left.
You didn't know any spells.
Your spell library was empty.

Dungeon Overview and Level Annotations

Branches:
Dungeon (15/15)            Temple (0/1) D:5            Lair (6/6) D:10
 Shoals (4/4) Lair:3       Spider (4/4) Lair:4        Slime (0/5) Lair:5
    Orc (2/2) D:10            Elf (3/3) Orc:2        Vaults (5/5) D:13
  Crypt (0/3) Vaults:2     Depths (5/5) D:15            Zot (1/5) Depths:5
  Sewer (visited)          Bailey (visited)           IceCv (visited)
Desolation (visited)

Altars:
Dithmenos
Fedhas
Okawaru
Ru
Sif Muna
Trog
Vehumet
Xom

Shops:
D:10 (   Orc:1 (   Orc:2 ::(!!*   Vaults:1 (   Depths:1 !   Depths:3 [
Depths:5 [

Portals:
Hell: Depths:1 Depths:2 Depths:3 Depths:4 Depths:5
Abyss: Shoals:1 Depths:1 Depths:2 Depths:4 Depths:5
Pandemonium: Orc:2 Depths:3 Depths:5
Ziggurat: Depths:3

Annotations:
D:13 2 transporters, mojowtm's ghost, journeyman TeAE
Depths:2 1 transporter
Zot:1 Tiamat


Innate Abilities, Weirdness & Mutations

You have a pair of horns on your head.
You reflexively headbutt those who attack you in melee.
Your flesh is cold resistant. (rC+)
You are dopey. (Int -2)
Your magical capacity is very low. (-20% MP)


Message History

You hit Tiamat but do no damage. You headbutt Tiamat, but do no damage.
Tiamat is heavily wounded.
You cut Tiamat into ribbons!!! You burn Tiamat. Your headbutt misses Tiamat.
Tiamat is severely wounded.
Tiamat hits you but does no damage. You block Tiamat's attack.
Things that are here:
a +0 long sword; a red draconian corpse You slice Tiamat!!
You burn Tiamat. You headbutt Tiamat, but do no damage.
Tiamat is severely wounded.
Tiamat throws acid at you.
The glob of acid hits you but does no damage.
The acid corrodes you!
You are splashed with acid!
* * * LOW HITPOINT WARNING * * *
You feel a strong urge to attack something.
You are no longer berserk.
You are exhausted.
You feel yourself slow down. You block Tiamat's attack.
Your cyclops goes berserk!
You block Tiamat's attack.
Unknown command.
Tiamat completely misses you.
Unknown command.
Your cyclops hits Tiamat but does no damage.
Tiamat hits your cyclops with a +2 vorpal bardiche!!
Tiamat tail-slaps your cyclops!!
The yellow draconian hits your cyclops with a +0 glaive!
Your cyclops barely misses Tiamat.
Unknown command.
Tiamat breathes lightning at you.
The bolt of lightning hits your cyclops!!
Your cyclops dies!
Your cyclops's corpse disappears in a puff of smoke!
The bolt of lightning hits you!!!
* * * LOW HITPOINT WARNING * * *
The bolt of lightning hits you!!
* * * LOW HITPOINT WARNING * * *
The yellow draconian throws acid at you.
The glob of acid hits you!
You die...

#.))).#####.# ####
### #.))## #..##
####. #. ##.).#
##...###.##..##
###.##
#....##...##...
##dd###...##.....###.
#..§.##....##[).##.##
#.....##....##.##..#.
###..###.....#'##..#.
#.@.##.#......#..#.
###.#..#....[.#....
#..##.#.#...##....
#...#...#.........
##......##...#####
....#.......#....#..#
#(..##.⌠.#####......'
.............#......#
....####..#'#'#....'


You could see Tiamat (catching breath) and a yellow draconian (catching breath).

Vanquished Creatures
  An orb of fire (Zot:1)
  An ancient lich (Vaults:5)
  A juggernaut (Depths:4)
  Sojobo (Vaults:4)
  Frederick (Depths:5)
  3 caustic shrikes (Depths:4)
  5 golden dragons
  A curse toe (Zot:1)
  Nikola (Depths:2)
  the Enchantress (Depths:2)
  Arachne (Spider:2)
  An electric golem (Zot:1)
  The ghost of Obsidius the Eclecticist, an adept DECj of Vehumet (Vaults:4)
  Jorgrun (Elf:2)
  10 tentacled monstrosities
  Rupert (D:15)
  6 titans
  8 liches
  A deep elf master archer (Elf:3)
  Asterion (Spider:2)
  5 quicksilver dragons
  9 sphinxes
  2 death cobs (Zot:1)
  2 deep elf blademasters
  The ghost of Hadeweugop the Black Sun, an adept DsNe of Kikubaaqudgha (Shoals:2)
  2 tentacled starspawn (Abyss:3)
  11 storm dragons
  10 shadow dragons
  Kirke (Spider:3)
  Agnes (Elf:1)
  A daeva (Abyss:2)
  Donald (Elf:3)
  An azure jelly (Shoals:3)
  12 deep elf sorcerers
  Ilsuiw (Shoals:4)
  A draconian monk (Depths:5)
  10 tengu reavers
  13 fire giants
  2 draconian scorchers (Zot:1)
  A draconian knight (Zot:1)
  Aizul (Spider:1)
  21 vault wardens
  A cacodemon (Abyss:3)
  2 emperor scorpions (Spider:4)
  2 balrugs (Depths:1)
  Louise (Shoals:1)
  10 frost giants
  5 spectral caustic shrikes (Depths:5)
  A draconian annihilator (Zot:1)
  3 iron dragons
  5 ghost moths
  2 orc warlords
  A draconian shifter (Zot:1)
  A deep elf elementalist (Elf:3)
  A draconian stormcaller (Depths:5)
  A reaper (Depths:5)
  8 spriggan defenders
  A juggernaut zombie (Depths:4)
  3 war gargoyles
  32 very ugly things
  11 ironbound preservers
  21 stone giants
  5 deep elf demonologists (Elf:3)
  2 black draconians
  4 dire elephants (Vaults:4)
  4 vampire knights
  A purple draconian (Depths:5)
  6 yellow draconians
  6 deep elf annihilators
  4 red draconians
  2 halazid warlocks (Desolation)
  Azrael (Elf:2)
  3 entropy weavers
  5 white draconians
  11 spark wasps
  3 merfolk javelineers (Shoals:4)
  2 jiangshi (Depths:4)
  21 ettins
  9 deep elf death magi
  7 merfolk impalers (Shoals:4)
  7 crystal guardians
  14 great orbs of eyes
  19 fire dragons
  8 ragged hierophants (Desolation)
  17 yaktaur captains
  6 rakshasas
  A monstrous demonspawn (Depths:3)
  5 ironbound thunderhulks
  4 servants of whispers (Desolation)
  14 deep elf high priests
  8 hydras
  8 peacekeepers
  A hell beast (Depths:3)
  8 spriggan air magi
  26 vault guards
  7 ice dragons
  A merfolk avatar (Shoals:4)
  2 boulder beetles
  3 alligator snapping turtles
  2 catoblepae (Lair:6)
  6 centaur warriors
  A spectral stone giant (D:14)
  An alligator (Lair:5)
  14 ironbound frosthearts
  6 ogre magi
  2 satyrs
  11 two-headed ogres
  An anaconda (shapeshifter) (D:15)
  2 merfolk aquamancers (Shoals:4)
  25 dancing weapons
  10 deep troll shamans
  A death knight (D:13)
  17 death yaks
  6 spriggan berserkers
  2 vampire magi (Depths:4)
  14 tengu warriors
  5 orc high priests (Orc:2)
  7 deep troll earth magi
  7 thrashing horrors
  A shock serpent (shapeshifter) (Vaults:5)
  3 ironbound beastmasters
  Nergalle (Lair:3)
  14 hell knights
  2 sun demons (Depths:3)
  21 deep elf knights
  5 skeletal warriors
  12 sea snakes
  2 spatial maelstroms
  6 iron trolls
  2 golden dragon zombies
  2 wretched stars
  A sixfirhy (Orc:2)
  A sea snake (shapeshifter) (Elf:3)
  42 deep trolls
  A shadow wraith (Vaults:5)
  A ghost moth zombie (Abyss:2)
  A torturous demonspawn (Depths:5)
  A gelid demonspawn (Orc:2)
  An infernal demonspawn (Orc:2)
  4 flayed ghosts
  13 wizards
  5 glowing orange brains
  Pikel (D:6)
  8 orc knights
  14 deep elf archers
  An orange crystal statue (IceCv)
  3 necromancers
  6 phantasmal warriors
  23 harpies
  3 lindwurms (Vaults:2)
  36 deep elf pyromancers
  5 wolf spider zombies (Spider:3)
  24 ironbound convokers
  2 oklob plants (D:10)
  6 spectral wolf spiders (Spider:3)
  24 orb spiders
  42 wolf spiders
  24 deep elf zephyrmancers
  A spectral fire dragon (D:14)
  65 ugly things
  A will-o-the-wisp (Abyss:3)
  5 worldbinders
  4 cyclopes
  11 fauns
  8 orc sorcerers
  14 manticores
  A salamander (shapeshifter) (Depths:4)
  3 shining eyes (Depths:3)
  2 iron dragon skeletons (Depths:4)
  7 moths of wrath
  3 guardian serpents (Desolation)
  2 apocalypse crabs
  13 elephants
  3 water nymphs
  2 torpor snails (shapeshifter)
  2 molten gargoyles (Desolation)
  2 black mambas
  A spriggan zombie (Depths:4)
  Joseph (D:9)
  4 gargoyles (D:12)
  17 merfolk sirens
  2 smoke demons
  2 rust devils
  A torpor snail (Lair:5)
  2 orange demons (Abyss:3)
  A naga mage (Vaults:4)
  9 cane toads
  Psyche (D:10)
  A rime drake (shapeshifter) (Vaults:2)
  An unseen horror (D:12)
  Maggie (D:9)
  24 vault sentinels
  2 tormentors
  2 spectral glowing shapeshifters (D:14)
  15 komodo dragons
  15 rime drakes
  9 demonic crawlers
  5 freezing wraiths
  35 yaktaurs
  An ice devil (Orc:2)
  7 tengu conjurers
  A hellwing (Abyss:3)
  37 jumping spiders
  A jumping spider (shapeshifter) (Vaults:2)
  25 merfolk
  21 polar bears
  A queen bee (shapeshifter) (Abyss:2)
  2 wolf spider simulacra (Spider:3)
  16 slime creatures
  40 saltlings (Desolation)
  11 wind drakes
  6 blink frogs (Lair:2)
  Grinder (D:5)
  12 hornets
  7 trolls
  2 dream sheep (Lair:5)
  4 raiju (Abyss:3)
  13 snapping turtles
  3 flying skulls (Abyss:2)
  10 starcursed masses
  6 air elementals
  9 small abominations
  80 redbacks
  4 spriggans (Depths:2)
  30 tarantellas
  A vampire (D:11)
  A ynoxinul (Orc:2)
  A wyvern (Lair:5)
  A wraith (D:10)
  2 shadows (D:11)
  5 fire elementals
  3 water elementals
  A hog (Spider:3)
  59 yaks
  3 basilisks
  10 vampire mosquitoes
  3 chaos spawn
  3 neqoxecs
  2 large abominations (Abyss:3)
  3 steam dragons
  4 spatial vortices
  7 water moccasins
  A floating eye (shapeshifter) (Depths:4)
  A floating eye (Depths:3)
  3 hell hounds (Elf:2)
  Purgy (Sewer)
  5 black bears
  4 ice beasts
  21 orc warriors
  2 sky beasts
  The ghost of dolemite99 the Chopper, an amateur MiAK of Lugonu (D:3)
  2 ettin simulacra (D:14)
  4 boggarts (Vaults:2)
  2 necrophages
  The ghost of pigah the Skirmisher, an amateur OpWn of Sif Muna (D:3)
  12 ogres
  22 wolves
  17 centaurs
  The ghost of Tocho the Bolt Thrower, an amateur KoHu (D:3)
  A lemure (D:6)
  14 bullfrogs
  3 earth elementals
  A kobold brigand (D:8)
  A scorpion (D:6)
  A wyvern zombie (D:6)
  2 gnoll sergeants (D:9)
  3 water moccasin skeletons (D:4)
  9 killer bees (D:8)
  11 wights
  The ghost of Phlounder the Magician, a weakling DjVM of Jiyva (D:3)
  7 electric eels
  3 howler monkeys (D:10)
  3 lava snakes
  6 centaur zombies
  5 hounds
  A quasit (Abyss:3)
  The ghost of Nausicaa the Ruffian, a weakling VSTm (D:3)
  An iron imp (Abyss:2)
  16 orc priests
  2 jellies
  2 gnoll shamans
  7 centaur skeletons
  An iguana (D:6)
  18 orc wizards
  9 hell rats (Lair:6)
  A hound skeleton (D:4)
  A howler monkey zombie (D:9)
  4 adders
  30 gnolls
  8 river rats (Lair:6)
  7 white imps
  4 ufetubi
  2 worms (D:4)
  60 orcs
  3 bats
  An endoplasm (D:2)
  7 giant cockroaches
  13 goblins
  15 hobgoblins
  3 jackals (D:2)
  5 quokkas
  5 ball pythons
  5 frilled lizards
  21 kobolds
  2 rats
  3 starspawn tentacles (Abyss:3)
2215 creatures vanquished.

Vanquished Creatures (collateral kills)
  An electric golem (Zot:1)
  A tentacled starspawn (Shoals:1)
  A storm dragon (Zot:1)
  The ghost of hilljack the Peltast, an adept GrEE of Lugonu (D:14)
  A deep elf sorcerer (Elf:3)
  2 cacodemons (Shoals:1)
  The ghost of atabob the Pandemonic, a journeyman DsGl of Makhleb (Shoals:1)
  An emperor scorpion (Spider:4)
  2 deep elf elementalists (Elf:3)
  A very ugly thing (Shoals:1)
  A merfolk impaler (Shoals:1)
  A catoblepas (Lair:6)
  3 dancing weapons (Elf:3)
  A thrashing horror (Shoals:1)
  2 orc high priests (Orc:2)
  A soul eater (Orc:2)
  2 sea snakes (Shoals:4)
  A wizard (Shoals:1)
  An orb spider (Spider:2)
  A wolf spider (Spider:2)
  An orc knight (Orc:2)
  A stone giant zombie (D:14)
  A manticore (Shoals:4)
  A merfolk siren (Shoals:4)
  An ugly thing (D:13)
  2 water nymphs (Shoals:4)
  A red devil (Orc:2)
  2 jumping spiders
  A wind drake (Shoals:4)
  4 slime creatures (D:13)
  9 starcursed masses
  3 yaks (D:10)
  A spriggan simulacrum (D:14)
  A redback (Spider:4)
  5 orc warriors
  A quasit (Elf:3)
  4 orc priests (Orc:2)
  5 orcs
  A starspawn tentacle (Shoals:1)
71 creatures vanquished.

Vanquished Creatures (others)
  A fire dragon (Depths:4)
  A deep elf high priest (Elf:3)
  2 deep elf knights
  2 deep elf zephyrmancers (Elf:2)
  4 deep elf pyromancers
  A tarantella (Spider:3)
  2 humans (Spider:3)
  A centaur (Shoals:4)
  A wight (D:9)
  2 demonic plants (Abyss:3)
  2 foxfires (Abyss:3)
  9 fungi
  A lurking horror (Shoals:1)
  77 plants
  14 starspawn tentacles
  2 withered plants (Shoals:2)
122 creatures vanquished.

Grand Total: 2408 creatures vanquished

Notes
Turn   | Place    | Note
-------+----------+-------------------------------------------
     0 | D:1      | robertstho the Minotaur Berserker began the quest for the
                  | Orb.
     0 | D:1      | Reached XP level 1. HP: 19/19 MP: 0/0
   532 | D:1      | Found a faded altar of an unknown god.
   565 | D:1      | Reached XP level 2. HP: 27/27 MP: 1/1
  1173 | D:2      | Found a shimmering blue altar of Sif Muna.
  1341 | D:2      | Reached XP level 3. HP: 33/33 MP: 2/2
  1527 | D:3      | Found a runed translucent gate.
  1527 | D:3      | Found a runed translucent gate.
  1527 | D:3      | Found a runed translucent gate.
  1528 | D:3      | Noticed Tocho's ghost (amateur KoHu)
  1528 | D:3      | Noticed pigah's ghost (amateur OpWn)
  1528 | D:3      | Noticed dolemite99's ghost (amateur MiAK)
  1529 | D:3      | Noticed Nausicaa's ghost (weakling VSTm)
  1529 | D:3      | Noticed Phlounder's ghost (weakling DjVM)
  1763 | D:3      | Reached ** piety under Trog
  1879 | D:3      | Reached XP level 4. HP: 41/41 MP: 3/3
  2400 | D:4      | Identified the +6 war axe of Wemoc {flame, rC+ rN+}
  2490 | D:4      | Reached skill level 5 in Axes
  2490 | D:4      | Reached XP level 5. HP: 46/47 MP: 4/4
  2692 | D:4      | Reached skill level 5 in Fighting
  2692 | D:4      | Reached XP level 6. HP: 56/56 MP: 5/5
  2962 | D:5      | Entered Level 5 of the Dungeon
  3099 | D:5      | Noticed an ice beast
  3101 | D:5      | Found a staircase to the Ecumenical Temple.
  3103 | D:5      | Killed an ice beast
  3104 | D:5      | Reached XP level 7. HP: 61/61 MP: 6/6
  3111 | D:5      | Reached skill level 5 in Armour
  3154 | D:5      | Reached *** piety under Trog
  3663 | D:5      | Noticed Grinder
  3663 | D:5      | Paralysed by Grinder for 6 turns
  3673 | D:5      | Killed Grinder
  3674 | D:5      | Reached XP level 8. HP: 70/70 MP: 7/7
  4018 | D:6      | Reached skill level 1 in Stealth
  4027 | D:6      | Found a glowing drain.
  4036 | Sewer    | Entered a sewer
  4041 | Sewer    | Noticed Purgy
  4046 | Sewer    | Killed Purgy
  4423 | D:6      | Reached skill level 10 in Axes
  4423 | D:6      | Reached XP level 9. HP: 40/79 MP: 8/8
  4761 | D:6      | Noticed Pikel
  4768 | D:6      | Killed Pikel
  4782 | D:6      | Reached **** piety under Trog
  5253 | D:7      | Reached XP level 10. HP: 82/90 MP: 9/9
  5412 | D:7      | Found a flagged portal.
  5425 | Bailey   | Entered a bailey
  5762 | Bailey   | Reached ***** piety under Trog
  8170 | D:9      | Received a gift from Trog
  8550 | D:9      | Noticed Maggie
  8554 | D:9      | Reached skill level 10 in Armour
  8563 | D:9      | Killed Maggie
  8632 | D:9      | Reached skill level 10 in Fighting
  8633 | D:9      | Reached XP level 11. HP: 53/99 MP: 10/10
  8890 | D:9      | Noticed Joseph
  8895 | D:9      | Killed Joseph
  9292 | D:10     | Entered Level 10 of the Dungeon
  9751 | D:10     | Noticed an oklob plant
  9753 | D:10     | Found a staircase to the Lair.
  9754 | D:10     | Noticed an oklob plant
  9766 | D:10     | Killed an oklob plant
  9976 | D:10     | Noticed Psyche
  9985 | D:10     | Killed an oklob plant
  9989 | D:10     | Killed Psyche
  9993 | D:10     | Found a staircase to the Orcish Mines.
  9993 | D:10     | Found Dausack's Weapon Boutique.
 10164 | D:10     | Found a blossoming altar of Fedhas.
 10507 | D:11     | Reached skill level 15 in Axes
 10676 | D:11     | Noticed a two-headed ogre
 10681 | D:11     | Killed a two-headed ogre
 10725 | D:11     | Noticed a two-headed ogre
 10731 | D:11     | Killed a two-headed ogre
 11303 | D:11     | Noticed a five-headed hydra
 11309 | D:11     | Killed a two-headed hydra
 11310 | D:11     | Reached XP level 12. HP: 92/111 MP: 11/11
 11684 | D:11     | Identified a scroll of acquirement
 11685 | D:11     | Acquired the +13 crystal plate armour of Transparent
                  | Freedom {rC+ Will+ Int+5}
 11851 | D:12     | Reached skill level 5 in Dodging
 11878 | D:12     | Noticed a seven-headed hydra
 11885 | D:12     | Killed a three-headed hydra
 12206 | D:12     | Noticed a seven-headed hydra
 12214 | D:12     | Killed a four-headed hydra
 12944 | D:13     | Noticed a centaur warrior
 12944 | D:13     | Noticed a tengu warrior
 12947 | D:13     | Noticed an ogre mage
 12956 | D:13     | Killed a centaur warrior
 12960 | D:13     | Killed a tengu warrior
 12965 | D:13     | Noticed a two-headed ogre
 12970 | D:13     | Received a gift from Trog
 12979 | D:13     | Killed an ogre mage
 12983 | D:13     | Killed a two-headed ogre
 13109 | D:13     | Noticed mojowtm's ghost (journeyman TeAE)
 13120 | D:13     | Noticed a death knight
 13127 | D:13     | Killed a death knight
 13128 | D:13     | Identified the +1 robe of Modesty {rCorr Str+2 Dex-5}
 13136 | D:13     | Reached XP level 13. HP: 116/122 MP: 12/12
 13272 | D:13     | Found a transporter.
 13304 | D:13     | Found a transporter.
 13335 | D:13     | Found a gate to the Vaults.
 13937 | D:3      | Killed Phlounder's ghost
 13939 | D:3      | Killed Tocho's ghost
 13942 | D:3      | Killed Nausicaa's ghost
 13943 | D:3      | Killed pigah's ghost
 13944 | D:3      | Killed dolemite99's ghost
 14177 | Lair:1   | Entered Level 1 of the Lair of Beasts
 14665 | Lair:1   | Identified the +5 whip "Negid" {protect, *Rage rElec rCorr
                  | Int+4}
 15228 | Lair:2   | You fall into a shaft and drop 2 floors!
 15684 | Lair:4   | Found a hole to the Spider Nest.
 15684 | Lair:4   | You fall into a shaft and drop 1 floor!
 16097 | Lair:5   | Found a staircase to the Slime Pits.
 16352 | Lair:5   | Reached skill level 15 in Fighting
 16408 | Lair:5   | You fall into a shaft and drop 1 floor!
 16408 | Lair:6   | Entered Level 6 of the Lair of Beasts
 16444 | Lair:6   | Reached XP level 14. HP: 114/135 MP: 13/13
 17080 | Lair:6   | Received a gift from Trog
 17528 | Lair:6   | Reached skill level 1 in Shields
 17793 | Lair:6   | Reached skill level 15 in Armour
 18583 | Lair:6   | Reached skill level 5 in Shields
 19693 | Lair:3   | Noticed Nergalle
 19706 | Lair:3   | Killed Nergalle
 19706 | Lair:3   | Reached ****** piety under Trog
 21001 | Lair:2   | Received a gift from Trog
 21149 | Orc:1    | Entered Level 1 of the Orcish Mines
 21520 | Orc:1    | Reached XP level 15. HP: 145/145 MP: 14/14
 22139 | Orc:1    | Found Attuisax's Weapon Emporium.
 22300 | Orc:2    | Entered Level 2 of the Orcish Mines
 22368 | Orc:2    | Found Affixog's General Store.
 22423 | Orc:2    | Bought a potion of attraction for 42 gold pieces
 22423 | Orc:2    | Bought a potion of ambrosia for 112 gold pieces
 22423 | Orc:2    | Bought a scroll of teleportation for 42 gold pieces
 22423 | Orc:2    | Bought a scroll of teleportation for 42 gold pieces
 22529 | Orc:2    | Received a gift from Trog
 22745 | Orc:2    | Found Ivexefut's Distillery.
 22749 | Orc:2    | Found Gikorit's Distillery.
 23040 | Orc:2    | Bought 2 potions of curing for 84 gold pieces
 23040 | Orc:2    | Bought a potion of curing for 42 gold pieces
 23040 | Orc:2    | Bought a potion of mutation for 112 gold pieces
 23040 | Orc:2    | Bought a potion of heal wounds for 70 gold pieces
 23040 | Orc:2    | Bought a potion of degeneration for 14 gold pieces
 23042 | Orc:2    | Bought a potion of curing for 42 gold pieces
 23042 | Orc:2    | Bought a potion of curing for 42 gold pieces
 23042 | Orc:2    | Bought a potion of heal wounds for 70 gold pieces
 23042 | Orc:2    | Bought a potion of heal wounds for 70 gold pieces
 23042 | Orc:2    | Bought a potion of lignification for 42 gold pieces
 23042 | Orc:2    | Bought a potion of flight for 42 gold pieces
 23490 | Orc:2    | Paralysed by an orc sorcerer for 3 turns
 23880 | Orc:2    | Found a staircase to the Elven Halls.
 23898 | Orc:2    | Found Pumep's Book Shop.
 24040 | Orc:2    | Received a gift from Trog
 24049 | Orc:2    | Found Adotyev's Antique Weapon Emporium.
 24049 | Orc:2    | Found a one-way gate leading to the halls of Pandemonium.
 24049 | Orc:2    | Found Xani's Book Shoppe.
 24921 | D:14     | Found a runed translucent gate.
 24922 | D:14     | Found a runed translucent gate.
 24928 | D:14     | Found a runed translucent gate.
 24933 | D:14     | Noticed hilljack's ghost (adept GrEE)
 25254 | D:14     | Found a sacrificial altar of Ru.
 25655 | D:14     | Killed hilljack's ghost
 25957 | D:15     | Entered Level 15 of the Dungeon
 25979 | D:15     | Reached skill level 10 in Shields
 25979 | D:15     | Reached XP level 16. HP: 157/157 MP: 15/15
 26348 | D:15     | Found a staircase to the Depths.
 26483 | D:15     | Noticed Rupert
 26492 | D:15     | Killed Rupert
 27177 | Lair:3   | Found a staircase to the Shoals.
 27867 | Shoals:1 | Entered Level 1 of the Shoals
 27963 | Shoals:1 | Noticed Louise
 27982 | Shoals:1 | Killed Louise
 28286 | Shoals:1 | Found a transporter.
 28397 | Shoals:1 | Noticed atabob's ghost (journeyman DsGl)
 28404 | Shoals:1 | Found a transporter.
 28404 | Shoals:1 | Found a one-way gate to the infinite horrors of the Abyss.
 28418 | Shoals:1 | Noticed a tentacled starspawn
 28915 | Shoals:1 | Gained mutation: Your muscles are strong. (Str +2) [a
                  | cacodemon]
 28932 | Shoals:1 | Received a gift from Trog
 28935 | Shoals:1 | Killed a tentacled starspawn
 28937 | Shoals:1 | Killed atabob's ghost
 29818 | Shoals:2 | Found a runed translucent door.
 29819 | Shoals:2 | Noticed Hadeweugop's ghost (adept DsNe)
 30079 | Shoals:2 | Killed Hadeweugop's ghost
 30256 | Shoals:3 | Found a frozen archway.
 30281 | IceCv    | Entered an ice cave
 30512 | IceCv    | Reached XP level 17. HP: 159/166 MP: 16/16
 31264 | IceCv    | Received a gift from Trog
 32589 | Shoals:4 | Entered Level 4 of the Shoals
 32704 | Shoals:4 | Noticed Ilsuiw
 32755 | Shoals:4 | Killed Ilsuiw
 33170 | Shoals:4 | Received a gift from Trog
 33178 | Shoals:4 | Reached skill level 15 in Shields
 34420 | Shoals:4 | Reached XP level 18. HP: 151/176 MP: 17/17
 34432 | Shoals:4 | Identified the +9 whip "Loheir" {vorpal, rN+}
 34565 | Shoals:4 | Got a barnacled rune of Zot
 34972 | Elf:1    | Entered Level 1 of the Elven Halls
 34973 | Elf:1    | Noticed Agnes
 34973 | Elf:1    | Paralysed by an air elemental for 1 turns
 35071 | Elf:1    | Killed Agnes
 35090 | Elf:1    | Received a gift from Trog
 35882 | Elf:1    | Reached skill level 1 in Evocations
 36113 | Elf:1    | Paralysed by an air elemental for 1 turns
 36220 | Elf:1    | Paralysed by an air elemental for 1 turns
 36470 | Elf:2    | Found a ruined gateway.
 36485 | Desolati | Entered the Desolation of Salt
 36530 | Desolati | Received a gift from Trog
 36577 | Desolati | Found the +3 sling "Punk" {acid, rCorr}
 36592 | Desolati | Found the +0 pair of fencer's gloves {Riposte Dex+3}
 36609 | Desolati | Identified the ring "Palosori" {Fly rPois rC+ Int-3 Stlth+}
 36611 | Desolati | Identified the ring "Vaaxe" {rF+ rN+ Will+}
 37330 | Desolati | Identified the ring "Koxzuwkod" {Fly rN+ Str+2}
 37352 | Desolati | Identified the ring of Tender Moments {Wiz rC+}
 37775 | Desolati | Identified the +0 trident of Dim Light {antimagic, rN+
                  | Str+2}
 37781 | Desolati | Identified the ring "Ununapp" {rCorr AC+4}
 38005 | Elf:2    | Received a gift from Trog
 38241 | Elf:2    | Found a huge runed translucent gate.
 38241 | Elf:2    | Found a huge runed translucent gate.
 38241 | Elf:2    | Found a huge runed translucent gate.
 38242 | Elf:2    | Found a huge runed translucent gate.
 38243 | Elf:2    | Found a huge runed translucent gate.
 38304 | Elf:2    | Paralysed by an air elemental for 1 turns
 38312 | Elf:2    | Paralysed by an air elemental for 1 turns
 38691 | Elf:2    | Reached XP level 19. HP: 144/185 MP: 18/18
 38802 | Elf:2    | Noticed Azrael
 38803 | Elf:2    | Noticed Jorgrun
 38818 | Elf:2    | Killed Jorgrun
 38818 | Elf:2    | Killed Azrael
 39593 | Elf:2    | Received a gift from Trog
 39818 | Elf:3    | Entered Level 3 of the Elven Halls
 40627 | Elf:3    | Paralysed by an air elemental for 1 turns
 40640 | Elf:3    | Cast into level 3 of the Abyss (a deep elf sorcerer)
 40647 | Abyss:3  | Found a corrupted altar of Lugonu.
 40882 | Abyss:3  | Gained mutation: You are dopey. (Int -2) [a neqoxec]
 40918 | Abyss:3  | Received a gift from Trog
 40926 | Elf:3    | Escaped the Abyss
 40951 | Elf:3    | Noticed a Tzitzimitl
 40955 | Elf:3    | Noticed a Tzitzimitl
 41800 | Elf:3    | Noticed Donald
 41805 | Elf:3    | Killed Donald
 42029 | Elf:3    | Acquired a manual of Dodging
 42052 | Elf:3    | Identified the amulet "Fytysag" {Rampage rN+ Regen+ Int+2}
 42053 | Elf:3    | Reached XP level 20. HP: 195/195 MP: 19/19
 42446 | Elf:3    | Cast into level 2 of the Abyss (+1 glaive of distortion)
 42554 | Abyss:2  | Received a gift from Trog
 42753 | Abyss:2  | Found a corrupted altar of Lugonu.
 42801 | Elf:3    | Escaped the Abyss
 43495 | Spider:1 | Entered Level 1 of the Spider Nest
 43509 | Spider:1 | Noticed Aizul
 43526 | Spider:1 | Killed Aizul
 43527 | Spider:1 | Received a gift from Trog
 44483 | Spider:2 | Noticed Asterion
 44497 | Spider:2 | Killed Asterion
 44784 | Spider:2 | Noticed Arachne
 44795 | Spider:2 | Killed Arachne
 46385 | Spider:3 | Received a gift from Trog
 46549 | Spider:3 | Noticed Kirke
 46560 | Spider:3 | Killed Kirke
 47023 | Spider:3 | Reached XP level 21. HP: 197/206 MP: 20/20
 47113 | Spider:4 | Entered Level 4 of the Spider Nest
 47235 | Spider:4 | Received a gift from Trog
 47720 | Spider:4 | Got a gossamer rune of Zot
 47915 | Spider:4 | Received a gift from Trog
 47974 | Spider:4 | Identified the +1 arbalest of Bit Rewu {freeze, rN+}
 48403 | Vaults:1 | Entered Level 1 of the Vaults
 49137 | Vaults:1 | Found Deaqoosch's Antique Weapon Shoppe.
 49689 | Vaults:2 | Found a staircase to the Crypt.
 50219 | Vaults:2 | Received a gift from Trog
 50849 | Vaults:2 | Reached XP level 22. HP: 180/217 MP: 21/21
 51112 | Vaults:2 | Found the +8 glaive of the Guard {elec, spectral, AC+5}
 51117 | Vaults:2 | Received a gift from Trog
 53414 | Vaults:4 | Received a gift from Trog
 53457 | Vaults:4 | Found a runed translucent door.
 53457 | Vaults:4 | Found a shimmering altar of Xom.
 53457 | Vaults:4 | Noticed Obsidius's ghost (adept DECj)
 53457 | Vaults:4 | Identified the +6 rapier "Fasizai" {chaos, Dex+4 Stlth+}
 54348 | Vaults:4 | Found a radiant altar of Vehumet.
 54360 | Vaults:4 | Identified the +5 hat "Loowkio" {rF+ Str+7 Slay+2}
 54374 | Vaults:4 | Acquired 715 gold pieces
 54407 | Vaults:4 | Identified the +0 robe of Quantum Leap {rElec Slay+5}
 54483 | Vaults:4 | Received a gift from Trog
 54644 | Vaults:4 | Noticed Sojobo
 54674 | Vaults:4 | Killed Sojobo
 54972 | Vaults:4 | Killed Obsidius's ghost
 54973 | Vaults:4 | Reached XP level 23. HP: 227/227 MP: 22/22
 55054 | Vaults:5 | Entered Level 5 of the Vaults
 55054 | Vaults:5 | Noticed an ancient lich
 55112 | Vaults:5 | Killed an ancient lich
 55494 | Vaults:4 | Received a gift from Trog
 55624 | Vaults:5 | Identified the +8 falchion "Ponkidghi" {holy, SInv}
 55624 | Vaults:5 | Identified the amulet of Gozag's Supremacy {Spirit rPois
                  | Str-4 Stlth+}
 55630 | Vaults:5 | Identified the +3 whip of the Imperium {vamp, rC+}
 55861 | Vaults:5 | Identified the +7 hand axe "Wuodael" {antimagic, Will+++}
 56073 | Vaults:5 | Received a gift from Trog
 56876 | Vaults:5 | Identified the ring "Eruek" {rPois rF++ Int-5}
 57152 | Vaults:5 | Identified the +8 plate armour "Sebu Ukionko" {Slay+4}
 57154 | Vaults:5 | Got a silver rune of Zot
 57683 | Depths:1 | Entered Level 1 of the Depths
 57701 | Depths:1 | Reached XP level 24. HP: 212/239 MP: 20/22
 57797 | Depths:1 | Found Huhiffie's Distillery.
 57838 | Depths:1 | Found a shimmering altar of Xom.
 57885 | Depths:1 | Identified the +4 quarterstaff of the Lame Duck {antimagic,
                  | Stlth+} (Trog gifted it to you on level 1 of the Depths)
 57885 | Depths:1 | Received a gift from Trog
 57979 | Depths:1 | Found a gateway to Hell.
 58285 | Depths:1 | Found a bloodstained altar of Trog.
 58413 | Depths:2 | Noticed the Enchantress
 58441 | Depths:2 | Killed the Enchantress
 58698 | Depths:2 | Identified the +1 pair of gloves "Koeptus" {rF+}
 58698 | Depths:2 | Noticed Nikola
 58712 | Depths:2 | Killed Nikola
 58714 | Depths:2 | Received a gift from Trog
 59148 | Depths:2 | Noticed a juggernaut
 59190 | Depths:2 | Found a transporter.
 60083 | Depths:3 | Identified the +9 war axe of Egomania {vorpal, rF- rC+
                  | Str+4} (Trog gifted it to you on level 3 of the Depths)
 60083 | Depths:3 | Received a gift from Trog
 60105 | Depths:3 | Reached XP level 25. HP: 250/250 MP: 18/22
 60751 | Depths:3 | Found a shadowy altar of Dithmenos.
 60945 | Depths:3 | Found a gateway to a ziggurat.
 60947 | Depths:3 | Paralysed by a floating eye for 3 turns
 60957 | Depths:3 | Paralysed by a floating eye for 2 turns
 60962 | Depths:3 | Paralysed by a floating eye for 2 turns
 60969 | Depths:3 | Paralysed by a floating eye for 4 turns
 60974 | Depths:3 | Paralysed by a floating eye for 3 turns
 60976 | Depths:3 | Gained mutation: Your flesh is cold resistant. (rC+) [a
                  | shining eye]
 61044 | Depths:3 | Found Bukunyne's Antique Armour Shoppe.
 61061 | Depths:3 | Received a gift from Trog
 61202 | Depths:3 | Lost mutation: Your muscles are strong. (Str +2) [a
                  | neqoxec]
 61570 | Depths:4 | Found a radiant altar of Vehumet.
 61571 | Depths:4 | Found an iron altar of Okawaru.
 61572 | Depths:4 | Found a shimmering blue altar of Sif Muna.
 62018 | Depths:4 | Reached skill level 27 in Shields
 62591 | Depths:4 | Noticed a juggernaut
 62594 | Depths:4 | Received a gift from Trog
 62603 | Depths:4 | Killed a juggernaut
 62604 | Depths:4 | Reached skill level 27 in Axes
 63099 | Depths:4 | Reached XP level 26. HP: 259/264 MP: 22/22
 63519 | Depths:4 | Reached skill level 27 in Fighting
 63784 | Depths:5 | Entered Level 5 of the Depths
 63796 | Depths:5 | Noticed Frederick
 63815 | Depths:5 | Killed Frederick
 64086 | Depths:5 | Found a gate to the Realm of Zot.
 64116 | Depths:5 | Received a gift from Trog
 64451 | Depths:5 | Found Yreimu's Armour Emporium.
 65046 | Zot:1    | Entered Level 1 of the Realm of Zot
 65104 | Zot:1    | Received a gift from Trog
 65356 | Zot:1    | Noticed an orb of fire
 65369 | Zot:1    | Gained mutation: Your magical capacity is low. (-10% MP)
                  | [an orb of fire]
 65370 | Zot:1    | Gained mutation: Your magical capacity is very low. (-20%
                  | MP) [an orb of fire]
 65371 | Zot:1    | Killed an orb of fire
 65507 | Zot:1    | Identified the +2 spear "Hezexen" {vorpal, +Rage rC+ rN+}
 66310 | Zot:1    | Found the +4 dragonskin cloak
 66310 | Zot:1    | Noticed Tiamat
 66357 | Zot:1    | HP: 3/266 [Tiamat/bolt of lightning (19)]
 66357 | Zot:1    | Killed from afar by a yellow draconian

Illustrated notes

Levels and vault maps discovered:
D:1:      giann_wishing_wells, layout_basic,
          shapermc_ecumenical_altar_mp_highgroup
D:2:      layout_rooms, basic_altar, kennysheep_potato
D:3:      layout_basic, gammafunk_ghost_cemetery
D:4:      layout_basic
D:5:      layout_loops_ring, minmay_temple_entry_ruins, hangedman_decor_points,
          uniq_grinder
D:6:      layout_cave_pools, gup_sewer_entry_pipe,
          minmay_misc_feat_more_columns, uniq_pikel
D:7:      layout_basic, enter_bailey_5, minmay_stone_trees_medium
D:8:      layout_cave_pools, kennysheep_minor_cross,
          amcnicky_mini_corridor_feature, nrook_mini_backslash,
          kennysheep_another_room, nicolae_lava_and_water
D:9:      layout_roguey, uniq_joseph, uniq_maggie
D:10:     layout_basic, fedhas_altar_fruit_tree, dpeg_oklobed_lair, orc_david_3,
          uniq_psyche
D:11:     layout_stronghold
D:12:     minmay_general_purpose_star, layout_basic
D:13:     layout_basic, hangedman_vaults_entry_quadrant_bands,
          gammafunk_ghost_stat_death
D:14:     layout_basic, lemuel_round_altar, gammafunk_ghost_necromancy
D:15:     hangedman_depths_entry_civil_slaughter, layout_cave_pools,
          minivault_24, uniq_rupert
Lair:1:   layout_chaotic_city, st_stairs_7
Lair:2:   layout_layer_cave, cheibrodos_lair_reptile_den
Lair:3:   layout_regular_city, elwin_shoals_entry_rocks, uniq_nergalle
Lair:4:   layout_cave_pods, nicolae_spider_entry_tight_spaces, st_stairs_3
Lair:5:   nzn_winding_woodlands_three_and_one
          [nzn_winding_woodlands_5x15_garden,
          nzn_winding_woodlands_5x15_longhouse,
          nzn_winding_woodlands_5x15_sidewinder,
          nzn_winding_woodlands_center_diamonds], layout_regular_city,
          minmay_slime_entry_pillars
Lair:6:   evilmike_catoblepas_cave, layout_hall_layers, kennysheep_rathole,
          serial_bayou_shore_a
Shoals:1: layout_shoals, gammafunk_ghost_abyssal_escape, uniq_louise
Shoals:2: layout_shoals, gammafunk_ghost_grave
Shoals:3: layout_shoals, portal_ice_cave_entry_frozen_things
Shoals:4: shoals_end_grunt_ice, layout_shoals, shoals_ilsuiw_alternative
Spider:1: layout_spider_delve, uniq_aizul
Spider:2: layout_spider_delve, nicolae_spider_nook,
          hangedman_spider_tarantella_strand, nicolae_spider_cling_halls,
          uniq_arachne, uniq_asterion
Spider:3: layout_spider_delve, nicolae_spider_undead_wolf_pack, uniq_kirke
Spider:4: grunt_spider_rune_parallel
Orc:1:    layout_diamond_mine, serial_shops, nicolae_shop_waterfront,
          nicolae_orc_stony_grotto, nicolae_orc_lava_tube, elves_outpost_lemuel
Orc:2:    pf_orc_diabolical, layout_diamond_mine, serial_shops, shop,
          shop_statue
Elf:1:    layout_loops_cross, hangedman_elven_crosses_minicolossus, uniq_agnes
Elf:2:    layout_loops_corners, portal_desolation_entry_nicolae_slug,
          grunt_megastairs_3, uniq_azrael, uniq_jorgrun
Elf:3:    minmay_elf_hall_curves, layout_loops_corners, grunt_megastairs_2,
          uniq_donald
Vaults:1: ontoclasm_vaults_twist, vaults_room_grunt_arrival_ludios,
          v_alt_pattern_5, vaults_room_door_ring, vaults_room_pools,
          ontoclasm_vaults_gateway, layout_vaults_omnigrid, serial_shops,
          nicolae_shop_overgrown_old_shop
Vaults:2: nicolae_vaults_three_branches, grunt_vaults_twisty, v_misc_31,
          minmay_guarded_unrand_guard_vaults, ontoclasm_vaults_loading_screen,
          dpeg_vaults_monster_row, nicolae_vaults_angled_halls, serial_ice_g,
          vaults_mumra_hex, layout_vaults_chaotic_city
Vaults:3: hangedman_vaults_variations, nicolae_vaults_yaktaur_gun_rack,
          hangedman_vaults_river_flow, v_misc_17, vaults_mumra_chevron,
          v_misc_27, ontoclasm_vaults_ligature, v_misc_9,
          vaults_standard_mumra_lines, ontoclasm_vaults_decontamination,
          hangedman_vaults_hard_town_square, serial_ice_b, vaults_dpeg_hooks,
          vaults_room_pool, layout_vaults_omnicross
Vaults:4: ebering_vaults_ghost_xom, nicolae_vaults_gold_heap,
          grunt_tower_of_power, v_misc_25, hangedman_vaults_cutoff,
          ontoclasm_vaults_spin, nicolae_vaults_angled_halls, vaults_room_fours,
          vaults_room_stairs_pillars, nicolae_vaults_angled_halls,
          hangedman_vaults_trim, layout_vaults_ring, uniq_sojobo
Vaults:5
Depths:1: layout_cave_shapes, abyss_entry, pf_dread_powers_of_hell,
          xom_teletrap_fun, st_stairs_2, trog_hazing_becter, minmay_shop_star,
          serial_bayou_shore_b
Depths:2: emtedronai_trogs_sanctum, layout_basic, hangedman_abyss_entry_splay,
          hell_entry, hangedman_glass_teeth, infiniplex_staircase_spiral,
          uniq_enchantress, uniq_nikola
Depths:3: hangedman_box_tower, layout_gridville, enter_ziggurat_c, hell_entry,
          serial_shops, shop, rand_demon_pan_entry_4,
          grunt_dithmenos_smoke_and_mirrors
Depths:4: hangedman_slaughterboxes, abyss_entry, hell_entry, serial_shops
Depths:5: grunt_crosshair, layout_basic, abyss_entry, serial_shops, shop,
          pf_hell_entry_tar_river, skrybe_limestone_x, rand_demon_pan_entry_8,
          uniq_frederick
Zot:1:    layout_twisted_circle, uniq_tiamat

Skill      XL: |  1  2  3  4  5  6  7  8  9 10 11 12 13 14 15 16 17 18 19 20 21 22 23 24 25 26 |
---------------+-------------------------------------------------------------------------------+-----
Fighting       | 4 5 6 7 8 10 11 13 15 16 17 18 19 20 21 22 23 24 25 26 27 | 27.0
Axes           | 4 5 6 8 10 12 13 15 16 18 19 20 21 22 23 24 25 26 27 | 27.0
Armour         | 3 4 6 7 8 10 11 13 14 15 16 17 18 19 20 21 25 | 25.3
Dodging        | 3 4 5 |  5.6
Stealth        | 1 2 3 4 |  4.3
Shields        | 6 10 13 15 17 19 20 22 23 24 26 27 | 27.0
Evocations     | 1 |  1.8

Action                   |  1- 3 |  4- 6 |  7- 9 | 10-12 | 13-15 | 16-18 | 19-21 | 22-24 | 25-27 || total
-------------------------+-------+-------+-------+-------+-------+-------+-------+-------+-------++-------
Melee: Hand axe          |    73 |    19 |       |       |       |       |       |       |       ||    92
       Headbutt          |    11 |     6 |    21 |    71 |   187 |   308 |   372 |   414 |   393 ||  1783
       War axe           |       |    38 |   139 |   385 |   844 |  1257 |  1298 |  1093 |   911 ||  5965
Invok: Berserk           |       |       |     4 |    10 |     8 |    12 |     8 |     4 |     3 ||    49
       Trog's Hand       |       |       |       |     1 |     1 |     3 |     5 |     1 |     1 ||    12
       Brothers in Arms  |       |       |       |     2 |     4 |     7 |     4 |       |     2 ||    19
Evoke: Wand              |       |       |       |       |       |     8 |       |       |     5 ||    13
       Phantom mirror    |       |       |       |       |       |       |       |     1 |       ||     1
  Use: Scroll            |     1 |     3 |       |     7 |    11 |     7 |     3 |     2 |       ||    34
       Potion            |       |       |       |       |     1 |    11 |     2 |       |       ||    14
 Stab: Distracted        |       |       |       |       |       |       |     2 |     1 |     1 ||     4
       Held in net/web   |       |       |       |       |       |       |     3 |       |       ||     3
Armor: Chain mail        |    55 |    46 |    90 |   173 |       |       |       |       |       ||   364
       Crystal plate arm |       |       |       |   103 |   604 |   757 |   660 |   406 |   379 ||  2909
Dodge: Dodged            |    45 |    34 |    70 |   211 |   123 |   194 |   293 |   162 |   163 ||  1295
Block: Tower shield      |       |       |       |       |   421 |  1288 |  1348 |  1099 |   907 ||  5063
       Reflection        |       |       |       |       |     9 |    80 |    77 |    74 |     7 ||   247
       Rpst.: War axe    |       |       |       |       |       |     6 |    39 |    23 |    16 ||    84

Table legend: (Time is in decaauts)
 A = Elapsed time spent in this place.
 B = Non-inter-level travel time spent in this place.
 C = Inter-level travel time spent in this place.
 D = Time resting spent in this place.
 E = Time spent auto-exploring this place.
 F = Levels seen in this place.
 G = Mean time per level.
                   A        B        C        D        E       F      G
               +--------+--------+--------+--------+--------+-----+--------+
         Total |  66286 |  62808 |   3478 |   5652 |  45977 |  51 | 1299.7 |
       Dungeon |  16239 |  14875 |   1364 |   1443 |  11462 |  15 | 1082.6 |
          Lair |   8092 |   7343 |    749 |    350 |   6192 |   6 | 1348.7 |
        Shoals |   5929 |   5721 |    208 |    825 |   3480 |   4 | 1482.2 |
   Spider Nest |   4641 |   4411 |    230 |    490 |   3079 |   4 | 1160.2 |
  Orcish Mines |   3375 |   3096 |    279 |    306 |   2244 |   2 | 1687.5 |
   Elven Halls |   6191 |   6044 |    147 |    848 |   4036 |   3 | 2063.7 |
        Vaults |   9023 |   8728 |    295 |    767 |   6474 |   5 | 1804.6 |
        Depths |   7047 |   6844 |    203 |     85 |   5298 |   5 | 1409.4 |
           Zot |   1279 |   1279 |      0 |      0 |   1087 |   1 | 1279.0 |
         Abyss |    614 |    614 |      0 |     59 |    183 |   2 |  307.0 |
         Sewer |    166 |    166 |      0 |      0 |    110 |   1 |  166.0 |
        Bailey |    753 |    753 |      0 |      8 |    600 |   1 |  753.0 |
      Ice Cave |   1434 |   1434 |      0 |    230 |    831 |   1 | 1434.0 |
    Desolation |   1498 |   1498 |      0 |    240 |    896 |   1 | 1498.0 |
               +--------+--------+--------+--------+--------+-----+--------+

Top non-repeatable levels by time:
   Elf:3: 2826 daAuts
Vaults:4: 2405 daAuts
Depths:4: 2343 daAuts
Shoals:4: 2297 daAuts
  Lair:6: 2183 daAuts
   Orc:2: 2160 daAuts
Spider:2: 1998 daAuts
Depths:3: 1963 daAuts
   Elf:2: 1843 daAuts
Vaults:2: 1767 daAuts
Vaults:5: 1761 daAuts
Vaults:3: 1759 daAuts
     D:8: 1522 daAuts
   Elf:1: 1521 daAuts
    D:14: 1520 daAuts
